 Dungeon Crawl Stone Soup version 0.23.2-33-g5129a83184 (webtiles) character file.

Game seed: 16908850569328119321

357 Cykl0x the Shield-Bearer (level 6, 0/49 HPs)
             Began as a Formicid Fighter on July 20, 2019.
             Killed from afar by Edmund (4 damage)
             ... with a wand of flame (13)
             ... on level 4 of the Dungeon.
             The game lasted 00:06:47 (3024 turns).

Cykl0x the Shield-Bearer (Formicid Fighter)         Turns: 3024, Time: 00:06:48

Health: 0/49       AC:  9    Str: 22    XL:     6   Next: 96%
Magic:  6/6        EV:  7    Int:  8    God:
Gold:   88         SH: 10    Dex: 10    Spells: 5/5 levels left

rFire    . . .     SeeInvis +   a - +0 long sword
rCold    . . .     Gourm    .   c - +0 shield
rNeg     . . .     Faith    .   h - +0 chain mail
rPois    .         Spirit   .   (helmet unavailable)
rElec    .         Reflect  .   (no cloak)
rCorr    .         Harm     .   (no gloves)
MR       .....                  (no boots)
Stlth    ..........             i - amulet of magic regeneration
HPRegen  0.16/turn              k - ring of stealth
MPRegen  0.35/turn              (no ring)

@: no status effects
A: permanent stasis, dig shafts and tunnels, four strong arms, antennae 3
a: Dig, Shaft Self


You were on level 4 of the Dungeon.
You were not hungry.

You visited 1 branch of the dungeon, and saw 4 of its levels.

You collected 88 gold pieces.

Inventory:

Hand Weapons
 a - a +0 long sword (weapon)
Armour
 b - a +0 scale mail
 c - a +0 shield (worn)
 h - a +0 chain mail (worn)
Jewellery
 e - an uncursed amulet of harm
 i - an amulet of magic regeneration (around neck)
 k - a ring of stealth (left hand)
Wands
 j - a wand of random effects (9)
 m - a wand of flame (12)
Scrolls
 o - a scroll of fog
 p - a scroll of amnesia
Potions
 d - a potion of might
 l - 3 potions of flight
 n - a potion of invisibility
 q - a potion of curing
Comestibles
 f - 4 rations
 g - 2 chunks of flesh


   Skills:
 + Level 4.3 Fighting
 + Level 3.9 Long Blades
 + Level 4.3 Armour
 + Level 1.4 Dodging
 + Level 0.5 Stealth
 + Level 5.5 Shields


You had 5 spell levels left.
You didn't know any spells.
Your spell library was empty.

Dungeon Overview and Level Annotations

Branches:
Dungeon (4/15)
 Temple: D:4-7

Altars:

Annotations:
D:4 Edmund


Innate Abilities, Weirdness & Mutations

You cannot be hasted, slowed, berserked, paralysed or teleported.
You can dig through walls and to a lower floor.
Your four strong arms can wield two-handed weapons with a shield.
You have a pair of large antennae on your head. (SInv)


Message History

The hound is moderately wounded.
The hound bites you. You block the hound's attack.
You closely miss the hound.
The hound is moderately wounded.
The hound bites you but does no damage. x2
You closely miss the hound.
The hound is moderately wounded.
You block the hound's attack. The hound bites you but does no damage.
You slash the hound!
You kill the hound!
Your shield and chain mail prevent you from hitting Edmund.
Edmund hits you with a +2 flail of holy wrath!
You closely miss Edmund.
Edmund zaps a wand.
The puff of flame hits you!
* * * LOW HITPOINT WARNING * * *
You hit Edmund.
Edmund is lightly wounded.
Edmund zaps a wand.
The puff of flame hits you!
* * * LOW HITPOINT WARNING * * *
Edmund zaps a wand.
The puff of flame hits you.
You die...

........>.#
#####.....# ##
#.....##.......
#.....##..###.#
#..$..##......#
......##.####.#
......##.#.<..#
......##.#!...####
......##.#@...{#@#
..............#@##
###.###...#.#.###
# #.# #...#.#.# #
#+# #...#.#.# #
.....#.#.# #
###...#.#?#
#.....#.#
#.....#.#


You could see Edmund.

Vanquished Creatures
  A hound (D:4)
  Terence (D:2)
  An iguana (D:3)
  An orc wizard (D:3)
  Natasha (thrice) (D:2)
  Robin (D:2)
  8 adders
  2 oozes (D:3)
  2 worms (D:3)
  A dart slug (D:3)
  3 leopard geckos
  4 orcs (D:3)
  4 bats
  A giant cockroach (D:3)
  17 goblins
  9 hobgoblins
  A quokka (D:3)
  3 ball pythons
  4 frilled lizards
  8 kobolds
  7 rats
82 creatures vanquished.

Notes
Turn   | Place    | Note
-------+----------+-------------------------------------------
     0 | D:1      | Cykl0x the Formicid Fighter began the quest for the Orb.
     0 | D:1      | Reached XP level 1. HP: 18/18 MP: 1/1
    74 | D:1      | Reached XP level 2. HP: 17/24 MP: 2/2
   284 | D:1      | Reached skill level 4 in Shields
   374 | D:1      | Reached XP level 3. HP: 30/30 MP: 3/3
  1223 | D:2      | Noticed Natasha
  1246 | D:2      | Killed Natasha
  1246 | D:2      | Reached XP level 4. HP: 3/37 MP: 4/4
  1528 | D:2      | Noticed Natasha
  1542 | D:2      | Killed Natasha
  1828 | D:2      | Noticed Terence
  1838 | D:2      | Killed Terence
  1838 | D:2      | Reached XP level 5. HP: 42/42 MP: 5/5
  1926 | D:2      | Noticed Natasha
  1935 | D:2      | Killed Natasha
  2027 | D:2      | Noticed Robin
  2041 | D:2      | Killed Robin
  2238 | D:3      | Reached skill level 5 in Shields
  2238 | D:3      | Reached XP level 6. HP: 36/48 MP: 6/6
  2326 | D:3      | Reached skill level 1 in Dodging
  2984 | D:4      | Noticed Edmund
  3024 | D:4      | Killed from afar by Edmund

Skill      XL: |  1  2  3  4  5  6 |
---------------+-------------------+-----
Shields        | 4 5 |  5.5
Long Blades    | 3 |  3.9
Armour         | 4 |  4.3
Fighting       | 4 |  4.3
Dodging        | 1 |  1.4
Stealth        | |  0.5

Action                   |  1- 3 |  4- 6 || total
-------------------------+-------+-------++-------
Melee: Long sword        |   132 |   212 ||   344
 Abil: Dig               |     1 |     4 ||     5
  Use: Scroll            |     1 |     6 ||     7
  Eat: Chunk             |     1 |     7 ||     8
Armor: Scale mail        |     6 |       ||     6
       Chain mail        |    78 |    79 ||   157
Dodge: Dodged            |    30 |    42 ||    72
Block: Shield            |    76 |   100 ||   176
       Rpst.: Long sword |    11 |    13 ||    24
